 Dungeon Crawl Stone Soup version 0.26.1-11-gd32895ea62 (webtiles) character file.

Game seed: 14136722048859842699

10242 raph the Basher (level 11, -6/62 HPs)
             Began as a Gargoyle Brigand on Apr 19, 2021.
             Was a Priest of Ashenzari.
             Killed from afar by an ogre mage (10 damage)
             ... with a bolt of lightning
             ... while paralysed by an ogre mage
             ... in a volcano.
             The game lasted 00:21:23 (12107 turns).

raph the Basher (Gargoyle Brigand)                 Turns: 12107, Time: 00:21:24

Health: -6/62      AC: 30    Str: 18    XL:     11   Next: 59%
Magic:  11/11      EV:  2    Int: 12    God:    Ashenzari [***...]
Gold:   149        SH:  0    Dex: 14    Spells: 10/10 levels left

rFire    . . .     SeeInvis +   a - +2 morningstar (vamp) (curse)
rCold    + . .     Faith    .   y - +1 buckler {rPois} (curse)
rNeg     + + .     Spirit   .   s - +0 plate armour (curse)
rPois    ∞         Reflect  .   z - +1 helmet (curse)
rElec    +         Harm     .   c - +1 cloak (curse)
rCorr    +         Rampage  .   (no gloves)
Will     .....                  A - +0 pair of boots (curse)
Stlth    ..........             w - amulet "Toquhyim" {RegenMP Fragile rC+ rN+ Str+3}
HPRegen  0.20/turn              C - ring of resist corrosion
MPRegen  0.37/turn              (no ring)

@: paralysed
A: negative energy resistance 1, electricity resistance, unbreathing,
petrification resistance, miasma immunity, AC +8
a: Renounce Religion, Curse Item, Scrying


You were in a volcano.
You worshipped Ashenzari.
Ashenzari was most pleased with you.
You visited 2 branches of the dungeon, and saw 12 of its levels.
You also visited: Volcano.

You collected 761 gold pieces.
You spent 612 gold pieces at shops.

Inventory:

Hand Weapons
 a - a cursed +2 vampiric morningstar (weapon)
Missiles
 d - 85 poisoned darts (quivered)
 e - 2 curare-tipped darts
Armour
 c - a cursed +1 cloak (worn)
 o - a +1 cloak of willpower
 s - a cursed +0 plate armour (worn)
 y - a cursed +1 buckler of poison resistance (worn)
 z - a cursed +1 helmet (worn)
 A - a cursed +0 pair of boots (worn)
Jewellery
 g - an uncursed amulet of faith
 q - an uncursed amulet of guardian spirit
 w - the amulet "Toquhyim" (around neck) {RegenMP Fragile rC+ rN+ Str+3}
   (You took it off an orc on level 5 of the Dungeon)

   [amulet of magic regeneration]

   It increases your magic regeneration.
   It affects your strength (+3).
   It protects you from cold.
   It protects you from negative energy.
   It will be destroyed if unequipped.
 C - a ring of resist corrosion (left hand)
Wands
 j - a wand of random effects (8)
 k - a wand of acid (14)
 r - a wand of polymorph (19)
 u - a wand of digging (2)
 E - a wand of disintegration (17)
Scrolls
 f - 7 scrolls of identify
 h - 5 scrolls of magic mapping
 i - 5 scrolls of teleportation
 x - 3 scrolls of fear
 B - a scroll of blinking
 D - a scroll of amnesia
Potions
 b - 2 potions of might
 l - 3 potions of mutation
 m - 2 potions of curing
 n - a potion of resistance
 p - a potion of haste
 t - a potion of brilliance
 v - 2 potions of flight
 F - a potion of heal wounds


   Skills:
 + Level 4.5 Fighting
 - Level 2.6 Short Blades
 - Level 13.5(16.0) Maces & Flails
 - Level 1.7 Throwing
 - Level 10.4(13.1) Armour
 - Level 1.4 Dodging
 - Level 4.9 Stealth
 - Level 2.4(4.0) Shields


You had 10 spell levels left.
You didn't know any spells.
Your spell library contained the following spells:

 Spells                   Type           Power        Failure   Level
 Corona                   Hex            0%           99%         1
 Sting                    Tmut/Pois      0%           99%         1
 Poisonous Vapours        Pois/Air       0%           100%        2
 Slow                     Hex            0%           100%        2
 Ignite Poison            Fire/Tmut/Pois 0%           100%        3
 Inner Flame              Hex/Fire       0%           100%        3
 Mephitic Cloud           Conj/Pois/Air  0%           100%        3
 Portal Projectile        Hex/Tloc       0%           100%        3
 Cause Fear               Hex            0%           100%        4
 Leda's Liquefaction      Hex/Erth       0%           100%        4
 Olgreb's Toxic Radiance  Pois           0%           100%        4


Dungeon Overview and Level Annotations

Branches:
Dungeon (11/15)            Temple (0/1) D:7            Lair (1/6) D:10
Volcano (1/1)
    Orc: D:9-12

Altars:
Ashenzari
Cheibriados
Fedhas
Kikubaaqudgha
Makhleb
Nemelex Xobeh
Okawaru
Xom
Zin

Shops:
D:6 !   D:7 :   D:10 =!*   D:11 ((


Innate Abilities, Weirdness & Mutations

You are resistant to torment.
Your stone body is resilient. (AC +8)
You are immune to poison.
You resist negative energy. (rN+)
You are resistant to electric shocks. (rElec)
You can survive without breathing.
You are immune to petrification.
You are immune to miasma.


Message History

In the distance, the volcano erupts with a roar.
You are engulfed in blazing flames.
Throw: 86 darts (poison)
Press: ? - help, Q - select action, (/) - cycle Shift-Dir - straight line, f/p - ogre mage
Aim: an ogre mage, wielding a +1 whip of flaming and wearing a +1 robe of fire resistance (lightly wounded, very poisoned, 71% to hit)
You throw a poisoned dart. The poisoned dart hits the ogre mage.
The ogre mage looks even sicker.
The ogre mage is lightly wounded.
You are engulfed in blazing flames.
The ogre mage gestures at you while chanting.
You suddenly lose the ability to move!
You are engulfed in blazing flames.
The ogre mage gestures at you while chanting.
The bolt of lightning hits you! You resist.
* * * LOW HITPOINT WARNING * * *
You are engulfed in blazing flames.
* * * LOW HITPOINT WARNING * * *
The ogre mage points at you and mumbles some strange words.
The bolt of lightning hits you! You resist.
You die...

, , , ≈ **
,####### , ≈
,+!$.$)+ ,* ≈ ,,
#.O≈..#, * *,
#8≈≈≈8# , ≈ ≈
,+°°°.°+,, ≈ ≈
+°°...+ ≈ ≈*
{#8○.°8#{* ≈ ≈
*≈
≈≈###°°@°○###§§
*
≈≈§°°○°°°○○≈≈≈≈§
°§°≈°8°°°8≈≈≈≈#
*°§§°°°°°○.§§###
##§°°°°°°.§≈#
#≈°≈8°°°8§##
####°°°°°##
#○°.°.# #8...8#


You could see an ogre mage (very poisoned).

Vanquished Creatures
  Erica (D:8)
  2 two-headed ogres
  An unseen horror (D:11)
  A centaur zombie (D:10)
  Maurice (D:8)
  Psyche (D:8)
  A gargoyle (D:10)
  A polar bear (D:10)
  A wraith (D:10)
  A yak (D:10)
  2 steam dragons (D:9)
  Menkaure (D:6)
  A water moccasin (Lair:1)
  2 hell hounds (Lair:1)
  5 ice beasts
  A sky beast (D:6)
  3 black bears
  4 orc warriors
  6 ogres
  A wolf (D:10)
  3 phantoms
  5 centaurs
  3 big kobolds
  9 bullfrogs
  4 scorpions
  A wyvern skeleton (D:9)
  4 killer bees (D:8)
  2 electric eels (D:10)
  A howler monkey (D:5)
  A bullfrog zombie (D:6)
  7 orc wizards
  6 hounds
  A jelly (D:7)
  3 orc priests
  3 iguanas
  A bullfrog skeleton (D:6)
  7 worker ants
  A bullfrog simulacrum (D:10)
  3 centaur simulacra (D:10)
  3 hound zombies
  8 gnolls
  A howler monkey skeleton (D:8)
  6 adders
  A hound simulacrum (D:10)
  7 white imps
  9 ufetubi
  An ooze (D:1)
  An adder zombie (D:5)
  3 adder skeletons
  3 worms
  5 dart slugs
  9 leopard geckos
  29 orcs
  5 giant cockroaches
  12 goblins
  6 hobgoblins
  8 jackals
  3 quokkas
  A ball python (D:3)
  A ball python skeleton (D:6)
  8 bats
  6 frilled lizards
  A giant cockroach zombie (D:6)
  25 kobolds
  A leopard gecko skeleton (D:7)
  A quokka skeleton (D:5)
  A quokka zombie (D:10)
  5 rats
272 creatures vanquished.

Vanquished Creatures (others)
  2 fungi (D:10)
  3 plants (D:10)
5 creatures vanquished.

Grand Total: 277 creatures vanquished

Notes
Turn   | Place    | Note
-------+----------+-------------------------------------------
     0 | D:1      | raph the Gargoyle Brigand began the quest for the Orb.
     0 | D:1      | Reached XP level 1. HP: 12/12 MP: 1/1
   289 | D:1      | Reached XP level 2. HP: 14/17 MP: 2/2
   308 | D:1      | Reached skill level 1 in Dodging
   584 | D:1      | Reached XP level 3. HP: 22/22 MP: 3/3
  1256 | D:2      | Found a faded altar of an unknown god.
  1370 | D:2      | Became a worshipper of Ashenzari the Shackled
  1370 | D:2      | Reached * piety under Ashenzari
  1468 | D:2      | Found a shimmering altar of Xom.
  1468 | D:2      | Found a burning altar of Makhleb.
  1532 | D:2      | Found an ancient bone altar of Kikubaaqudgha.
  1534 | D:2      | Found a snail-covered altar of Cheibriados.
  1534 | D:2      | Found a sparkling altar of Nemelex Xobeh.
  1563 | D:2      | Reached XP level 4. HP: 27/27 MP: 4/4
  2011 | D:3      | Reached skill level 1 in Maces & Flails
  2309 | D:3      | Reached skill level 2 in Maces & Flails
  2309 | D:3      | Reached skill level 1 in Armour
  2309 | D:3      | Reached XP level 5. HP: 20/32 MP: 2/5
  3094 | D:4      | Reached skill level 3 in Maces & Flails
  3124 | D:4      | Reached XP level 6. HP: 36/36 MP: 6/6
  3312 | D:4      | Found a glowing silver altar of Zin.
  3414 | D:4      | Reached skill level 4 in Maces & Flails
  3668 | D:4      | Found an iron altar of Okawaru.
  3834 | D:5      | Entered Level 5 of the Dungeon
  3897 | D:5      | Reached XP level 7. HP: 33/40 MP: 7/7
  3981 | D:5      | Reached skill level 5 in Maces & Flails
  4198 | D:5      | Reached ** piety under Ashenzari
  4468 | D:5      | Reached skill level 6 in Maces & Flails
  4473 | D:5      | Reached XP level 8. HP: 37/45 MP: 8/8
  4736 | D:5      | Identified the amulet "Toquhyim" {RegenMP Fragile rC+ rN+
                  | Str+3}
  5275 | D:6      | Reached skill level 5 in Armour
  5537 | D:6      | Found Fumuxetu's Distillery.
  5559 | D:6      | Reached skill level 7 in Maces & Flails
  5599 | D:6      | Bought a potion of might for 60 gold pieces
  5602 | D:6      | Bought 2 potions of might for 120 gold pieces
  5865 | D:6      | Reached skill level 8 in Maces & Flails
  6065 | D:6      | Reached XP level 9. HP: 49/49 MP: 9/9
  6243 | D:6      | Noticed Menkaure
  6248 | D:6      | Killed Menkaure
  6405 | D:7      | Found Zietuwu's Book Emporium.
  6704 | D:7      | Reached skill level 9 in Maces & Flails
  7084 | D:7      | Found a staircase to the Ecumenical Temple.
  7316 | D:7      | Reached *** piety under Ashenzari
  7409 | D:8      | Found a blossoming altar of Fedhas.
  7444 | D:8      | Noticed Erica
  7461 | D:8      | Killed Erica
  7462 | D:8      | Reached skill level 10 in Maces & Flails
  8078 | D:8      | Noticed Maurice
  8098 | D:8      | Killed Maurice
  8099 | D:8      | Reached XP level 10. HP: 52/55 MP: 10/10
  8156 | D:8      | Noticed Psyche
  8168 | D:8      | Reached skill level 11 in Maces & Flails
  8173 | D:8      | Killed Psyche
  9280 | D:9      | Noticed a two-headed ogre
  9300 | D:9      | Killed a two-headed ogre
  9301 | D:9      | Reached skill level 12 in Maces & Flails
  9579 | D:9      | Noticed a two-headed ogre
  9635 | D:8      | Killed a two-headed ogre
  9636 | D:8      | Reached XP level 11. HP: 21/59 MP: 11/11
 10078 | D:9      | Reached skill level 10 in Armour
 10247 | D:10     | Entered Level 10 of the Dungeon
 10406 | D:10     | Found Cevo's Distillery.
 10411 | D:10     | Bought a potion of heal wounds for 80 gold pieces
 10441 | D:10     | Reached skill level 13 in Maces & Flails
 10494 | D:10     | Found Innon's General Store.
 10503 | D:10     | Bought a scroll of brand weapon for 300 gold pieces
 10503 | D:10     | Bought a scroll of fear for 52 gold pieces
 10575 | D:10     | Found a staircase to the Lair.
 11355 | D:10     | Found Bugonig's Jewellery Shoppe.
 11360 | D:10     | Found a blossoming altar of Fedhas.
 11512 | D:10     | Reached skill level 1 in Shields
 11909 | D:11     | Noticed an unseen horror
 11911 | D:11     | Found Luc Xock's Weapon Boutique.
 11938 | D:11     | Killed an unseen horror
 11940 | D:11     | Found Vuuludel's Antique Weapon Shoppe.
 11979 | Lair:1   | Entered Level 1 of the Lair of Beasts
 12060 | Lair:1   | Found a dark tunnel.
 12074 | Volcano  | Entered a volcano
 12100 | Volcano  | Noticed an ogre mage
 12105 | Volcano  | Paralysed by an ogre mage for 5 turns
 12107 | Volcano  | Killed from afar by an ogre mage

Illustrated notes

Levels and vault maps discovered:
D:1:      lightli_arrival_maybe_door_vault, layout_rooms
D:2:      minmay_general_purpose_star, layout_loops_ring,
          chequers_temple_overflow_statue_of_worship,
          grunt_temple_overflow_diamond, chequers_ecumenical_altar_simple
D:3:      layout_basic
D:4:      layout_rooms, nicolae_overflow_crystal_walls, okawaru_trees_1
D:5:      cheibrodos_barr_body, layout_basic, roderic_cross_of_infinity,
          mrwooster_statue_mirror
D:6:      layout_loops_ring, serial_shops, shop, uniq_menkaure
D:7:      layout_layer_cave, minmay_temple_entry_poolview, serial_shops, shop
D:8:      layout_basic, basic_altar, nicolae_two_hexagons, uniq_erica,
          uniq_psyche, uniq_maurice
D:9:      cheibrodos_steamvent, layout_basic
D:10:     layout_basic, grunt_lair_entry_orc_guard_hut, serial_ice,
          serial_ice_a, serial_ice_o, serial_ice_c, serial_ice_j, serial_ice_b,
          serial_ice_f, basic_altar, serial_shops, shop, shop, shop,
          minivault_23
D:11:     layout_rooms, orc_0_dummy, serial_shops, shop, kennysheep_little_box,
          shop, nicolae_shop_temple_entry_statues_fountains, uniq_fannar
Lair:1:   layout_layer_cave, enter_volcano_3
Volcano:  kennysheep_volcano_temple

Skill      XL: |  1  2  3  4  5  6  7  8  9 10 11 |
---------------+----------------------------------+-----
Short Blades   | 2 |  2.6
Dodging        | 1 |  1.4
Maces & Flails | 2 3 4 6 8 10 12 13 | 13.5
Armour         | 1 2 3 4 6 8 9 10 | 10.4
Fighting       | 4 |  4.5
Shields        | 2 |  2.4
Throwing       | |  1.7
Stealth        | |  4.9

Action                   |  1- 3 |  4- 6 |  7- 9 | 10-12 || total
-------------------------+-------+-------+-------+-------++-------
Melee: Dagger            |   113 |       |       |       ||   113
       Morningstar       |    16 |   281 |   386 |   435 ||  1118
Throw: Dart              |       |       |       |    10 ||    10
Invok: Curse Item        |       |     2 |       |     4 ||     6
  Use: Scroll            |       |    11 |     7 |     4 ||    22
       Potion            |       |       |     4 |       ||     4
 Stab: Sleeping          |     3 |     3 |       |       ||     6
       Invisible         |       |       |       |     1 ||     1
Armor: Robe              |    56 |    10 |       |       ||    66
       Plate armour      |       |   293 |   464 |   349 ||  1106
Dodge: Dodged            |   106 |   106 |   112 |   132 ||   456
Block: Buckler           |       |       |    59 |    90 ||   149
